AoeStats
← w2k8m1w2762

Arena

510394238Analyzed
4v4 RM · 2d ago on Sep 30, 2026· 45m 26s· 8 players
Game mode
Random Map
Map size
Large (8 player)
Population
200
Speed
Normal
Resources
Standard
Victory
Conquest
Starting age
Dark Age
Ending age
Imperial Age
RankedLock teamsTeams togetherTeam positionsShared explorationLock speedFull tech treeHidden civsTurbo modeCheats
Victory
Defeat
🇷🇺 Burgundians · Russia
1164
+14
🇨🇳 Turks · China
1149
+15
🇳🇱 Varangians · Netherlands
1083
+17
🇹🇷 Japanese · Türkiye
1061
+18
🇨🇴 Persians · Colombia
1157
-18
🇹🇷 Teutons · Türkiye
1141
-17
🇵🇪 Italians · Peru
1097
-15
🇨🇴 Hindustanis · Colombia
1076
-14
PilotePSP
0:29 Loom
11:45 Feudal Age
17:12 Castle Age
15:42 Horse Collar
15:51 Double-Bit Axe
16:35 Fletching
17:06 Stone Mining
19:01 Bow Saw
21:10 Wheelbarrow
23:25 Gold Mining
29:08 Imperial Age
26:25 Town Watch
27:11 Bodkin Arrow
28:09 Stone Shaft Mining
31:04 Chemistry
30:19 Bracer
36:08 Padded Archer Armor
37:50 Ballistics
37:27 Murder Holes
41:07 Squires
42:00 Leather Archer Armor
41:29 Treadmill Crane
42:34 Hand Cart
45:00 Forging
DCB
10:13 Feudal Age
11:48 Loom
14:26 Castle Age
14:00 Man-at-Arms
14:45 Horse Collar
19:34 Long Swordsman
21:49 Town Watch
25:34 Wheelbarrow
26:20 Gold Mining
34:13 Imperial Age
32:11 Fletching
32:22 Padded Archer Armor
32:52 Murder Holes
33:32 Ballistics
33:44 Kamandaran
33:54 Crossbowman
34:57 Bodkin Arrow
35:17 Leather Archer Armor
36:28 Thumb Ring
Albus
10:18 Feudal Age
8:33 Loom
12:19 Double-Bit Axe
12:15 Horse Collar
18:00 Castle Age
17:50 Wheelbarrow
25:00 Scale Barding Armor
25:05 Forging
25:07 Bloodlines
28:14 Gold Mining
28:15 Stone Mining
33:31 Imperial Age
31:59 Chain Barding Armor
32:14 Iron Casting
32:31 Stone Shaft Mining
33:21 Heavy Plow
33:34 Bow Saw
33:59 Cavalier
35:18 Conscription
35:48 Crop Rotation
38:19 Plate Barding Armor
38:44 Blast Furnace
39:08 Crenellations
40:36 Two-Man Saw
39:15 Paladin
briantorresr25
9:55 Feudal Age
15:25 Castle Age
14:07 Double-Bit Axe
14:45 Horse Collar
31:00 Imperial Age
29:17 Bow Saw
29:27 Scale Mail Armor
31:35 Forging
32:56 Husbandry
33:20 Scale Barding Armor
33:24 Heavy Camel Rider
35:11 Fortified Wall
35:22 Ballistics
34:40 Elite Skirmisher
36:35 Chemistry
37:54 Chain Mail Armor
38:00 Chain Barding Armor
38:16 Iron Casting
38:21 Wheelbarrow
37:32 Town Watch
40:02 Murder Holes
40:23 Onager
42:09 Blast Furnace
tiedchardshark
11:10 Feudal Age
15:28 Castle Age
13:52 Double-Bit Axe
15:07 Horse Collar
25:03 Forging
24:53 Scale Mail Armor
24:59 Scale Barding Armor
30:51 Imperial Age
29:59 Bow Saw
30:15 Gold Mining
30:26 Heavy Plow
31:04 Iron Casting
30:44 Chain Mail Armor
30:49 Chain Barding Armor
30:40 Treadmill Crane
31:11 Fortified Wall
32:32 Wheelbarrow
31:43 Town Watch
31:44 Loom
32:41 Crop Rotation
32:26 Gambesons
32:41 Squires
32:26 Arson
32:15 Elite Varangian Guard
33:10 Bloodlines
33:00 Husbandry
32:22 Cavalier
33:39 Pikeman
35:10 Hand Cart
35:43 Gothikon
36:46 Conscription
38:36 Blast Furnace
38:06 Plate Mail Armor
38:13 Plate Barding Armor
44:37 Fletching
44:47 Padded Archer Armor
44:16 Halberdier
Levanius
10:45 Feudal Age
12:08 Double-Bit Axe
12:17 Horse Collar
14:58 Castle Age
16:12 Bow Saw
18:19 Wheelbarrow
22:39 Hand Cart
22:36 Heavy Plow
28:10 Imperial Age
25:51 Gold Mining
27:32 Squires
27:32 Scale Mail Armor
27:43 Forging
28:53 Chain Mail Armor
27:59 Pikeman
28:25 Arson
29:59 Two-Man Saw
28:40 Halberdier
29:56 Iron Casting
28:44 Capped Ram
28:51 Onager
31:03 Chemistry
32:26 Sanctity
32:24 Block Printing
32:32 Siege Engineers
33:49 Plate Mail Armor
34:19 Blast Furnace
34:50 Blast Furnace
33:40 Fletching
34:11 Ballistics
33:34 Treadmill Crane
33:49 Murder Holes
35:11 Redemption
35:25 Sanctity
34:47 Capped Ram
34:56 Capped Ram
37:29 Fortified Wall
37:30 Masonry
37:53 Bodkin Arrow
37:50 Guard Tower
37:46 Arrowslits
38:03 Yasama
38:24 Conscription
38:27 Kataparuto
39:25 Loom
39:25 Town Watch
39:44 Bracer
40:27 Padded Archer Armor
40:14 Man-at-Arms
40:40 Gambesons
41:37 Long Swordsman
42:12 Two-Handed Swordsman
44:40 Champion
rusnexto
3:29 Double-Bit Axe
9:50 Horse Collar
13:14 Feudal Age
17:13 Castle Age
15:46 Bow Saw
28:23 Imperial Age
27:16 Gold Mining
35:07 Cavalier
36:20 Husbandry
36:53 Conscription
37:47 Wheelbarrow
39:25 Elite Skirmisher
40:00 Fletching
40:10 Padded Archer Armor
41:23 Bodkin Arrow
41:43 Leather Archer Armor
42:31 Chemistry
41:52 Ballistics
42:09 Bracer
43:21 Forging
43:17 Scale Barding Armor
42:52 Cavalier
w2k8m1w2762
1:34 Loom
11:07 Feudal Age
17:14 Castle Age
15:18 Double-Bit Axe
15:37 Horse Collar
16:00 Gold Mining
16:23 Stone Mining
18:55 Bow Saw
19:37 Wheelbarrow
19:23 Heavy Plow
30:11 Imperial Age
27:41 Town Watch
27:38 Treadmill Crane
28:19 Ballistics
29:44 Hand Cart
29:25 Fletching
29:47 Forging
29:38 Padded Archer Armor
29:44 Scale Barding Armor
30:45 Gold Shaft Mining
30:58 Artillery
31:56 Iron Casting
31:35 Masonry
31:22 Murder Holes
31:49 Bloodlines
31:40 Husbandry
32:48 Heavy Camel Rider
33:51 Chain Barding Armor
33:27 Bodkin Arrow
34:06 Architecture
35:19 Conscription
36:50 Two-Man Saw
36:15 Bombard Tower
36:34 Plate Barding Armor
36:15 Leather Archer Armor
37:01 Blast Furnace
36:24 Elite Janissary
40:42 Ring Archer Armor
42:35 Fortified Wall
42:11 Arrowslits
Connection lost

Rejoining the realm…

Still unreachable

The connection could not be restored.

Session expired

The server has moved on; the page needs a fresh start.